 Dungeon Crawl Stone Soup version 0.28.0-53-g5a82cb258f (webtiles) character file.

Game seed: 4197243751460381959

4 Ashen the Caller (level 1, 0/11 HPs)
             Began as a Kobold Summoner on Aug 18, 2022.
             Slain by a jackal (3 damage)
             ... on level 1 of the Dungeon.
             The game lasted 00:01:25 (89 turns).

Ashen the Caller (Kobold Summoner)                    Turns: 89, Time: 00:01:26

Health: 0/11       AC:  2    Str:  5    XL:     1   Next: 77%
Magic:  1/3        EV: 15    Int: 16    God:
Gold:   0          SH:  0    Dex: 15    Spells: 3/4 levels left

rFire   . . .      SeeInvis .   (weapon restricted)
rCold   . . .      Faith    .   (no shield)
rNeg    . . .      Spirit   .   a - +0 robe
rPois   .          Reflect  .   (no helmet)
rElec   .          Harm     .   (no cloak)
rCorr   .          Rampage  .   (no gloves)
Will    .....                   (no boots)
Stlth   +++.......              (no amulet)
HPRegen 0.03/turn               (no ring)
MPRegen 0.08/turn               (no ring)

@: no status effects
A: small, no large weapons, nightstalker 3
a: no special abilities


You were on level 1 of the Dungeon.
You visited 1 branch of the dungeon, and saw 1 of its levels.

Inventory:

Armour
 a - a +0 robe (worn)


   Skills:
 + Level 0.3 Fighting
 + Level 2.5 Dodging
 + Level 2.8 Stealth
 + Level 2.2 Spellcasting
 + Level 4.0 Summonings


You had 3 spell levels left.
You knew the following spells:

 Your Spells              Type           Power      Damage    Failure   Level
a - Summon Small Mammal   Summ           56%        N/A       3%          1

Your spell library contained the following spells:

 Spells                   Type           Power      Damage    Failure   Level
 Call Imp                 Summ           14%        N/A       6%          2
 Call Canine Familiar     Summ           14%        N/A       12%         3
 Summon Guardian Golem    Hex/Summ       8%         N/A       26%         3
 Summon Lightning Spire   Summ/Air       8%         N/A       65%         4


Dungeon Overview and Level Annotations

Branches:
Dungeon (1/15)

Altars:


Innate Abilities, Weirdness & Mutations

You are small and have problems with some larger weapons.
You are completely attuned to the shadows.


Message History

The hobgoblin hits your quokka.
The kobold hits something with a +0 short sword.
The jackal misses your quokka.
Your quokka bites the jackal.
Your quokka barely misses the hobgoblin.
Something hits your quokka. The jackal barely misses your quokka.
The kobold hits the plant with a +0 short sword.
The plant begins to die.
Your quokka closely misses the jackal.
Your quokka bites the jackal but does no damage.
There are monsters nearby!
Casting: Summon Small Mammal (safe; 3% risk of failure)
Confirm with . or Enter, or press ? or * to list all spells.
Your quokka disappears in a puff of smoke!
Something barely misses your quokka.
A jackal is nearby!
You barely miss the jackal.
The jackal is heavily wounded.
The jackal barely misses you.
You closely miss the jackal.
The jackal is heavily wounded.
The jackal bites you but does no damage.
Your quokka closely misses the jackal.
The jackal bites you.
* * * LOW HITPOINT WARNING * * *
The kobold closely misses your quokka.
You barely miss the jackal.
The jackal is heavily wounded.
A nearby plant withers and dies.
Your quokka misses the jackal.
Your rat bites the jackal but does no damage.
The hobgoblin hits your quokka but does no damage.
The jackal barely misses you.
The kobold completely misses your quokka.
Casting: Summon Small Mammal (safe; 3% risk of failure)
Confirm with . or Enter, or press ? or * to list all spells.
Okay, then.
Unknown command.
You completely miss the jackal.
The jackal is heavily wounded.
A nearby plant withers and dies.
Your quokka bites the jackal but does no damage.
The jackal bites you.
You die...

###PP≈P≈.##...##..##
###...PPP≈P##...##..##
..≈≈P≈♣≈≈≈P...........
≈≈≈♣≈≈≈PPP.####..#####
≈≈♣≈§.PPP..# #..# ≈
♣≈§Kg....## #.>#
≈≈♣≈P#r....# ####
♣PP.rh###.#
♣♣P≈†@.##.####
♣≈≈≈P...#.....#
P≈≈♣♣≈P≈..P##.#
P.≈♣≈≈♣≈≈≈≈P# #
..PPPP≈P♣≈≈P#


.PPPPPPPPP# .####..## You could see a jackal (ally target), a hobgoblin, a
kobold (ally target), a friendly quokka (summoned) and a friendly rat
(summoned).

Vanquished Creatures
  A frilled lizard (D:1)
1 creature vanquished.

Vanquished Creatures (collateral kills)
  A dart slug (D:1)
  A jackal (D:1)
2 creatures vanquished.

Vanquished Creatures (others)
  8 plants (D:1)
8 creatures vanquished.

Grand Total: 11 creatures vanquished

Notes
Turn   | Place    | Note
-------+----------+-------------------------------------------
     0 | D:1      | Ashen the Kobold Summoner began the quest for the Orb.
     0 | D:1      | Reached XP level 1. HP: 10/10 MP: 3/3
    89 | D:1      | Slain by a jackal

Illustrated notes

Levels and vault maps discovered:
D:1:      lightli_iron_boxes, layout_basic, serial_bayou_lagoon_a

Action                   || total
-------------------------++-------
Melee: Unarmed           ||    22
 Cast: Summon Small Mamm ||     4
 Stab: Sleeping          ||     1
Armor: Robe              ||     4
Dodge: Dodged            ||    20
